[Event "DPMM 2023-24"]
[Site "Germany"]
[Date "2024.01.27"]
[Round "2.4"]
[White "Heinz, Thomas"]
[Black "Schütze, Norman"]
[Result "1/2-1/2"]
[ECO "B26"]
[WhiteElo "2108"]
[BlackElo "2285"]
[PlyCount "86"]
[EventDate "2024.03.14"]
[EventType "team-tourn"]
[EventCountry "GER"]
[TimeControl "40/6000:20/3000:0"]

1. e4 c5 2. Nc3 Nc6 3. g3 g6 4. Bg2 Bg7 5. d3 d6 6. Be3 e5 7. f4 exf4 8. Bxf4 Nge7 9. Qd2 Ne5 10. Nf3 Bg4 11. Nxe5 dxe5 12. Be3 Rc8 13. O-O O-O 14. Nd5 Nxd5 15. exd5 Qd6 16. Rab1 b6 17. a3 Bd7 18. c4 f5 19. b4 Rf7 20. Rf2 Qc7 21. Kh1 Bf8 22. bxc5 bxc5 23. Qb2 h5 24. Bg5 Bd6 25. Qc3 Rff8 26. Rfb2 Rb8 27. Kg1 Rfc8 28. Bc1 Qd8 29. Qd2 Rxb2 30. Rxb2 Rb8 31. Qh6 Qe8 32. Bf3 Rxb2 33. Bxb2 Bf8 34. Qg5 Kh7 35. Qe3 Bd6 36. Bc1 Qf8 37. Kg2 Qg7 38. Bb2 Qf6 39. Qc1 Bc7 40. Qe3 Bd6 41. Bc3 Qe7 42. Bd2 Qf8 43. Bc1 Qg7 1/2-1/2

[Event "DPMM 2023-24"]
[Site "Germany"]
[Date "2024.01.28"]
[Round "2.4"]
[White "Doescher, Thorsten"]
[Black "Meiber, Alexander"]
[Result "1-0"]
[ECO "E61"]
[WhiteElo "2016"]
[BlackElo "1813"]
[PlyCount "77"]
[EventDate "2024.03.14"]
[EventType "team-tourn"]
[EventCountry "GER"]
[TimeControl "40/6000:20/3000:0"]

1. c4 d6 2. Nc3 Nf6 3. Nf3 g6 4. d4 Bf5 5. Bg5 Bg7 6. e3 h6 7. Bh4 g5 8. Bg3 Nbd7 9. Bd3 Bxd3 10. Qxd3 c5 11. h3 cxd4 12. exd4 a5 13. O-O O-O 14. Rfe1 Nb6 15. Nd2 Re8 16. Rad1 d5 17. c5 Nbd7 18. Nf3 Nb8 19. Ne5 Nfd7 20. Nxd5 Nxe5 21. dxe5 e6 22. Nb6 Qxd3 23. Rxd3 Ra6 24. f3 Bf8 25. Bf2 Bg7 26. a3 Nc6 27. Nc4 Raa8 28. Bg3 Red8 29. Red1 Bf8 30. Rxd8 Nxd8 31. Nd6 Bg7 32. b4 axb4 33. axb4 Kf8 34. b5 Ke7 35. Rc1 Kd7 36. Nc4 Kc7 37. Rd1 Bf8 38. Bf2 Bg7 39. Nb6 1-0

[Event "DPMM 2023-24"]
[Site "Germany"]
[Date "2024.03.15"]
[Round "3.1"]
[White "Krasenkow, Michal"]
[Black "Bui, Bao Anh Le"]
[Result "1-0"]
[WhiteElo "2521"]
[BlackElo "2133"]
[PlyCount "85"]
[EventDate "2024.03.14"]
[EventType "team-tourn"]
[EventCountry "GER"]
[TimeControl "40/6000:20/3000:0"]

1. d4 d5 2. c4 e6 3. Nc3 Nf6 4. cxd5 exd5 5. Bg5 c6 6. e3 h6 7. Bh4 Be7 8. Bd3 O-O 9. Nge2 Nbd7 10. O-O Nh5 11. Bxe7 Qxe7 12. Qd2 Re8 13. Rae1 Ndf6 14. Bc2 Bd7 15. Nc1 Ne4 16. Nxe4 dxe4 17. f3 Nf6 18. Nb3 Bf5 19. Qf2 Bh7 20. f4 Bf5 21. h3 Be6 22. Rc1 a5 23. a3 a4 24. Nd2 Bd5 25. g4 Nd7 26. Nb1 b5 27. Nc3 b4 28. axb4 Qxb4 29. g5 Qxb2 30. Bxa4 Qxf2+ 31. Rxf2 Red8 32. Rb2 Ra6 33. Nxd5 cxd5 34. Bxd7 Rxd7 35. Rb8+ Kh7 36. f5 Rda7 37. Rcc8 Ra1+ 38. Kg2 R7a2+ 39. Kg3 Rg1+ 40. Kf4 hxg5+ 41. Ke5 f6+ 42. Kxd5 Ra5+ 43. Kxe4 1-0

[Event "DPMM 2023-24"]
[Site "Germany"]
[Date "2024.03.15"]
[Round "3.2"]
[White "Tscheuschner, Georg"]
[Black "Graf, Alexander"]
[Result "0-1"]
[WhiteElo "2250"]
[BlackElo "2526"]
[PlyCount "64"]
[EventDate "2024.03.14"]
[EventType "team-tourn"]
[EventCountry "GER"]
[TimeControl "40/6000:20/3000:0"]

1. Nf3 Nf6 2. c4 e6 3. Nc3 Bb4 4. Qc2 c5 5. a3 Ba5 6. g4 O-O 7. g5 Ne8 8. e3 f5 9. Rb1 Nc6 10. d4 d6 11. d5 exd5 12. cxd5 Ne5 13. Nxe5 dxe5 14. b4 cxb4 15. axb4 Bb6 16. Na4 Qxg5 17. Nxb6 axb6 18. Bb2 Qe7 19. Rg1 Bd7 20. d6 Nxd6 21. Rd1 Ba4 22. Bc4+ Kh8 23. Bb3 Rac8 24. Qd3 Nc4 25. Bxc4 Bxd1 26. Qc3 Bg4 27. h3 b5 28. Qxe5 Qxe5 29. Bxe5 Rxc4 30. Rg3 Rc1+ 31. Kd2 Rd1+ 32. Kc2 Rc8+ 0-1

[Event "DPMM 2023-24"]
[Site "Germany"]
[Date "2024.03.15"]
[Round "3.3"]
[White "Hesse, Henrik"]
[Black "Kollars, Dmitrij"]
[Result "0-1"]
[WhiteElo "2312"]
[BlackElo "2629"]
[PlyCount "188"]
[EventDate "2024.03.14"]
[EventType "team-tourn"]
[EventCountry "GER"]
[TimeControl "40/6000:20/3000:0"]

1. c4 e5 2. g3 c6 3. d4 e4 4. d5 Bb4+ 5. Bd2 Qe7 6. Bxb4 Qxb4+ 7. Qd2 Na6 8. Nc3 Nf6 9. b3 O-O 10. Bg2 Re8 11. Nh3 cxd5 12. Nxd5 Nxd5 13. cxd5 d6 14. Nf4 Bf5 15. e3 Rac8 16. Qxb4 Nxb4 17. O-O Rc2 18. Rfc1 Rec8 19. Rxc2 Rxc2 20. g4 Bxg4 21. a3 Ra2 22. Rxa2 Nxa2 23. Bxe4 Nc3 24. f3 Nxe4 25. fxg4 Nd2 26. Ne2 Nxb3 27. Nc3 Nd2 28. Nb5 Nc4 29. Nxa7 Nxa3 30. Kf2 Kf8 31. Ke2 Ke8 32. Nc8 Nc4 33. Na7 Kd7 34. Nb5 Nb6 35. e4 Nc4 36. h3 g5 37. Kd3 Ne5+ 38. Ke3 Ng6 39. Kf3 Ke7 40. Kg3 Nh4 41. Kf2 Ng6 42. Kf3 Ne5+ 43. Ke3 Kd7 44. Ke2 f6 45. Ke3 Ng6 46. Kf3 Ke7 47. Nd4 Nf4 48. Kg3 Nd3 49. Kf3 Kd7 50. Nb5 Nc5 51. Ke3 Na6 52. Kd3 Nc7 53. Nd4 b5 54. Kc3 b4+ 55. Kc4 Na6 56. Nb3 Kc7 57. Kb5 Nc5 58. Nxc5 dxc5 59. Kc4 Kb6 60. Kb3 Kb5 61. Kb2 c4 62. Kc2 Kc5 63. Kd2 Kd6 64. Kc2 Ke5 65. Kb2 f5 66. exf5 Kxd5 67. Kc2 Ke5 68. Kd2 h6 69. Kc2 h5 70. Kd2 Kf6 71. Kc2 Ke5 72. Kd2 hxg4 73. hxg4 c3+ 74. Kc2 Kd5 75. Kb3 Kc5 76. Kc2 Kc4 77. f6 b3+ 78. Kc1 Kd3 79. f7 b2+ 80. Kb1 c2+ 81. Kxb2 Kd2 82. f8=Q c1=Q+ 83. Kb3 Qd1+ 84. Kb4 Qxg4+ 85. Ka5 Qf4 86. Qh6 Ke3 87. Qe6+ Kf2 88. Qb6+ Qe3 89. Qf6+ Ke2 90. Qf5 Qd2+ 91. Kb6 Qd4+ 92. Ka5 Qd8+ 93. Kb4 Qd2+ 94. Kc5 Qa5+ 0-1

[Event "DPMM 2023-24"]
[Site "Germany"]
[Date "2024.03.15"]
[Round "3.4"]
[White "Bluebaum, Matthias"]
[Black "Petersen, Marcel"]
[Result "1-0"]
[WhiteElo "2655"]
[BlackElo "2133"]
[PlyCount "75"]
[EventDate "2024.03.14"]
[EventType "team-tourn"]
[EventCountry "GER"]
[TimeControl "40/6000:20/3000:0"]

1. d4 Nf6 2. c4 e6 3. Nc3 Bb4 4. e3 O-O 5. Bd2 c5 6. a3 Bxc3 7. Bxc3 Ne4 8. Ne2 b6 9. d5 Ba6 10. b3 b5 11. Qc2 exd5 12. cxd5 Nxc3 13. Qxc3 d6 14. Ng3 Nd7 15. Be2 Nf6 16. Qd2 Re8 17. O-O Rb8 18. Rfd1 Re5 19. Bf3 Bb7 20. e4 Qb6 21. Re1 Rbe8 22. Re3 Bc8 23. Rae1 Bg4 24. Bxg4 Nxg4 25. R3e2 Nh6 26. h3 f6 27. Kh2 c4 28. bxc4 bxc4 29. Qc3 Qb3 30. Rc1 f5 31. f4 R5e7 32. Qxc4 Qxa3 33. e5 Kh8 34. Ra2 Qe3 35. exd6 Re4 36. Nxe4 fxe4 37. d7 Rd8 38. Qc7 1-0

[Event "DPMM 2023-24"]
[Site "Germany"]
[Date "2024.03.15"]
[Round "3.5"]
[White "Schmidek, Emil"]
[Black "Zuferi, Enis"]
[Result "1/2-1/2"]
[WhiteElo "2439"]
[BlackElo "2400"]
[PlyCount "118"]
[EventDate "2024.03.14"]
[EventType "team-tourn"]
[EventCountry "GER"]
[TimeControl "40/6000:20/3000:0"]

1. d4 Nf6 2. c4 e6 3. Nc3 Bb4 4. e3 O-O 5. Bd3 d5 6. Nf3 dxc4 7. Bxc4 c5 8. O-O Nc6 9. a3 Ba5 10. Qd3 h6 11. Rd1 cxd4 12. exd4 Bb6 13. h3 Qe7 14. Bf4 Rd8 15. Qe3 Bd7 16. Rd3 Be8 17. Ba2 Qf8 18. Re1 Rac8 19. Bg3 Rd7 20. Bh4 Ne7 21. Bxf6 gxf6 22. Qf4 Ng6 23. Qd2 Rcd8 24. Rd1 Qg7 25. Bb1 Bc7 26. Ne2 Rd5 27. Ba2 Rf5 28. d5 Bb5 29. d6 Bb8 30. Rd4 Bxe2 31. Qxe2 Nf4 32. Qf1 Nxh3+ 33. Kh1 Nf4 34. Nh4 Qg5 35. Nxf5 Qxf5 36. Kg1 Qg4 37. R1d2 Rxd6 38. Rxd6 Bxd6 39. g3 Bc5 40. Kh2 Qh5+ 41. Kg1 Qg4 42. Kh2 Bb6 43. Bb1 f5 44. Rc2 Qh5+ 45. Kg1 Qg4 46. Kh2 Qh5+ 47. Kg1 Nh3+ 48. Kg2 f4 49. Qd3 Nxf2 50. Rc8+ Kg7 51. Qh7+ Kf6 52. Qh8+ Ke7 53. Qf8+ Kf6 54. Qh8+ Ke7 55. Qf8+ Kd7 56. Qe8+ Kd6 57. Qf8+ Kd7 58. Qe8+ Kd6 59. Qf8+ Kd7 1/2-1/2

[Event "DPMM 2023-24"]
[Site "Germany"]
[Date "2024.03.15"]
[Round "3.6"]
[White "Schnepp, Gunnar"]
[Black "Poltorak, Sebastian"]
[Result "0-1"]
[WhiteElo "2252"]
[BlackElo "2392"]
[PlyCount "80"]
[EventDate "2024.03.14"]
[EventType "team-tourn"]
[EventCountry "GER"]
[TimeControl "40/6000:20/3000:0"]

1. d4 Nf6 2. c4 g6 3. Nc3 d5 4. cxd5 Nxd5 5. e4 Nxc3 6. bxc3 Bg7 7. Nf3 c5 8. Rb1 O-O 9. Be2 Nc6 10. d5 Ne5 11. Nxe5 Bxe5 12. Qd2 e6 13. f4 Bc7 14. O-O exd5 15. exd5 Ba5 16. Ba3 b6 17. Rbd1 Qd6 18. Qc1 Bd7 19. c4 Rfe8 20. Bf3 f6 21. Bb2 b5 22. Qa1 Kf7 23. cxb5 Bxb5 24. f5 Bxf1 25. fxg6+ hxg6 26. Rxf1 f5 27. Qc1 Rab8 28. Bh5 Rxb2 29. Qxb2 Qxd5 30. Qc2 Qd4+ 31. Kh1 gxh5 32. Qxf5+ Ke7 33. Qh7+ Kd6 34. Qxa7 Qd3 35. Rg1 Bc7 36. Qa4 Re4 37. Qa8 Kd7 38. Qf8 Re7 39. Qg8 Qd6 40. Qg3 Qxg3 0-1

[Event "DPMM 2023-24"]
[Site "Germany"]
[Date "2024.03.15"]
[Round "3.7"]
[White "Huber, Philipp"]
[Black "Hoffmann, Udo"]
[Result "1-0"]
[WhiteElo "2306"]
[BlackElo "2235"]
[PlyCount "81"]
[EventDate "2024.03.14"]
[EventType "team-tourn"]
[EventCountry "GER"]
[TimeControl "40/6000:20/3000:0"]

1. d4 Nf6 2. Bg5 d5 3. Bxf6 gxf6 4. e3 c5 5. Nc3 Nc6 6. Qh5 e6 7. O-O-O cxd4 8. exd4 Bb4 9. Nge2 Qe7 10. h4 Bd7 11. Rh3 O-O-O 12. Kb1 Kb8 13. a3 Ba5 14. Re3 Qf8 15. Na4 Be8 16. Nc5 Bb6 17. b4 f5 18. f4 Ne7 19. Nc1 Rg8 20. Qe2 Nc8 21. N1b3 Nd6 22. a4 Nc4 23. Rh3 Bxa4 24. Nxa4 Qxb4 25. Nxb6 Qxb6 26. Qe1 Rc8 27. Kc1 Qa6 28. Qb4 Qa2 29. Nc5 b6 30. Bxc4 Qxc4 31. Qb2 Ka8 32. Rc3 Qe2 33. Nd3 Rc4 34. Ne5 Rcc8 35. Qa3 Qxg2 36. Kb2 a5 37. Rdd3 Qf1 38. Qe7 Rxc3 39. Rxc3 Qxf4 40. Qd7 Qf1 41. Rc8+ 1-0

[Event "DPMM 2023-24"]
[Site "Germany"]
[Date "2024.03.15"]
[Round "3.8"]
[White "Ignatiev, Felix N"]
[Black "Ramirez Marin, Ivan"]
[Result "1-0"]
[WhiteElo "2307"]
[BlackElo "2272"]
[PlyCount "71"]
[EventDate "2024.03.14"]
[EventType "team-tourn"]
[EventCountry "GER"]
[TimeControl "40/6000:20/3000:0"]

1. e4 c5 2. Nf3 Nc6 3. d4 cxd4 4. Nxd4 e5 5. Nb5 d6 6. N1c3 a6 7. Na3 Be7 8. Nc4 b5 9. Ne3 Nf6 10. g3 h5 11. Bg2 h4 12. Ncd5 Be6 13. c3 Rb8 14. Nf5 h3 15. Bf3 Bf8 16. Bg5 Bxd5 17. Bxf6 Qxf6 18. Qxd5 Rb6 19. a4 bxa4 20. Bg4 a3 21. Rxa3 Qd8 22. O-O Ne7 23. Qc4 Nxf5 24. Bxf5 g6 25. Bg4 Be7 26. b4 O-O 27. Rxa6 Rxa6 28. Qxa6 f5 29. exf5 gxf5 30. Bxh3 Qc7 31. c4 e4 32. c5 dxc5 33. Qg6+ Kh8 34. Bxf5 Bf6 35. Qh6+ Kg8 36. Be6+ 1-0

[Event "DPMM 2023-24"]
[Site "Germany"]
[Date "2024.03.14"]
[Round "4.1"]
[White "Kollars, Dmitrij"]
[Black "Poltorak, Sebastian"]
[Result "1-0"]
[WhiteElo "2629"]
[BlackElo "2392"]
[PlyCount "91"]
[EventDate "2024.03.14"]
[EventType "team-tourn"]
[EventCountry "GER"]
[TimeControl "40/6000:20/3000:0"]

1. e4 c6 2. Nf3 d5 3. Nc3 dxe4 4. Nxe4 Nf6 5. Qe2 Nxe4 6. Qxe4 Nd7 7. Bc4 Nf6 8. Ne5 e6 9. Qf4 b5 10. Be2 Qc7 11. d4 Bd6 12. Qg3 O-O 13. Bh6 Ne8 14. Bf4 f6 15. Nd3 Bxf4 16. Qxf4 Qxf4 17. Nxf4 Nc7 18. Bf3 Nd5 19. Nd3 Rd8 20. O-O-O a5 21. c3 Kf7 22. Nc5 Ra7 23. Rhe1 Re7 24. Rd2 Rd6 25. h4 Nc7 26. a4 bxa4 27. Nxa4 Re8 28. Kc2 Red8 29. Red1 Nb5 30. Nc5 h6 31. h5 Nc7 32. Nb3 a4 33. Nc5 Na6 34. Nxa4 Bb7 35. b4 R6d7 36. Nc5 Nxc5 37. dxc5 Ke7 38. b5 Rxd2+ 39. Rxd2 Rc8 40. Rd6 cxb5 41. Bxb7 Rxc5 42. Rb6 Rxh5 43. Kb3 Rc5 44. Bc6 Kd8 45. Bf3 Kd7 46. Rb7+ 1-0

[Event "DPMM 2023-24"]
[Site "Germany"]
[Date "2024.03.14"]
[Round "4.1"]
[White "Graf, Alexander"]
[Black "Nogly, Christoph"]
[Result "1-0"]
[WhiteElo "2526"]
[BlackElo "2228"]
[PlyCount "71"]
[EventDate "2024.03.14"]
[EventType "team-tourn"]
[EventCountry "GER"]
[TimeControl "40/6000:20/3000:0"]

1. Nf3 d5 2. d4 e6 3. Bf4 Bd6 4. e3 Bxf4 5. exf4 Qd6 6. Qd2 Nf6 7. Nc3 O-O 8. O-O-O c5 9. dxc5 Qxc5 10. Bd3 Nc6 11. Rhe1 b6 12. Ne5 Bb7 13. f3 Rac8 14. Kb1 Rfd8 15. Nxc6 Bxc6 16. Re5 Qd6 17. Ba6 Rb8 18. Nb5 Bxb5 19. Bxb5 a6 20. Bf1 b5 21. Qd4 Rdc8 22. g4 Qc5 23. Qxc5 Rxc5 24. f5 exf5 25. Rxf5 Re8 26. g5 Nd7 27. b4 Rcc8 28. a4 g6 29. Rf4 Nb6 30. axb5 Na4 31. bxa6 Nc3+ 32. Kc1 Nxd1 33. Kxd1 Rc3 34. b5 Ra3 35. Kd2 Re6 36. Rf6 1-0

[Event "DPMM 2023-24"]
[Site "Germany"]
[Date "2024.03.14"]
[Round "4.1"]
[White "Schmidek, Emil"]
[Black "Bluebaum, Matthias"]
[Result "1/2-1/2"]
[WhiteElo "2439"]
[BlackElo "2655"]
[PlyCount "47"]
[EventDate "2024.03.14"]
[EventType "team-tourn"]
[EventCountry "GER"]
[TimeControl "40/6000:20/3000:0"]

1. d4 Nf6 2. c4 e6 3. Nc3 Bb4 4. e3 O-O 5. Bd3 d5 6. Nf3 dxc4 7. Bxc4 c5 8. O-O Bd7 9. Ne5 Nc6 10. Nxd7 Qxd7 11. a3 Ba5 12. dxc5 Bxc3 13. bxc3 Qc7 14. Qc2 Ne5 15. Be2 Qxc5 16. c4 Rfc8 17. Bb2 Nxc4 18. Rfc1 b5 19. a4 a6 20. axb5 axb5 21. Rxa8 Rxa8 22. Bxc4 bxc4 23. Qxc4 Qxc4 24. Rxc4 1/2-1/2

[Event "DPMM 2023-24"]
[Site "Germany"]
[Date "2024.01.27"]
[Round "10.1"]
[White "Wagner, Dennis"]
[Black "Wunder, Niklas"]
[Result "1-0"]
[ECO "D11"]
[WhiteElo "2620"]
[BlackElo "2067"]
[PlyCount "57"]
[EventDate "2024.03.14"]
[EventType "team-tourn"]
[EventCountry "GER"]
[TimeControl "40/6000:20/3000:0"]

1. d4 d5 2. c4 c6 3. Nf3 Nf6 4. g3 Bf5 5. Nc3 e6 6. Nh4 dxc4 7. Nxf5 exf5 8. e3 c5 9. Bxc4 cxd4 10. exd4 Bd6 11. Qf3 Nc6 12. Be3 Qd7 13. O-O O-O 14. Rad1 Rac8 15. a3 Rfd8 16. Rfe1 g6 17. Bg5 Be7 18. d5 Nxd5 19. Rxd5 Bxg5 20. Rxd7 Rxd7 21. Bd5 Nd4 22. Qd1 Bf6 23. Qa4 Rcd8 24. Re8+ Rxe8 25. Qxd7 Re7 26. Qc8+ Kg7 27. Kg2 b6 28. Bc4 Ne6 29. Nd5 1-0

[Event "DPMM 2023-24"]
[Site "Germany"]
[Date "2024.01.27"]
[Round "10.1"]
[White "Winterberg, Lukas"]
[Black "Womacka, Mathias"]
[Result "1-0"]
[ECO "E11"]
[WhiteElo "2420"]
[BlackElo "2363"]
[PlyCount "103"]
[EventDate "2024.03.14"]
[EventType "team-tourn"]
[EventCountry "GER"]
[TimeControl "40/6000:20/3000:0"]

1. d4 Nf6 2. Nf3 e6 3. c4 Bb4+ 4. Bd2 Qe7 5. g3 Bxd2+ 6. Qxd2 Nc6 7. Bg2 Ne4 8. Qc2 Qb4+ 9. Kf1 d5 10. e3 O-O 11. Nbd2 Nxd2+ 12. Nxd2 Ne7 13. Rc1 c6 14. h4 Qd6 15. Kg1 e5 16. cxd5 exd4 17. Nc4 Qf6 18. d6 Ng6 19. exd4 Rd8 20. h5 Nf8 21. d5 cxd5 22. Bxd5 Be6 23. Qd2 Rac8 24. Kg2 b5 25. Bxe6 Nxe6 26. Na5 Rxc1 27. Rxc1 g5 28. d7 Nf8 29. Rc8 Kg7 30. Rxd8 Qxd8 31. Nc6 Qxd7 32. Qxg5+ Ng6 33. Qxb5 Nh4+ 34. Kg1 Nf3+ 35. Kf1 Qd1+ 36. Kg2 Ne1+ 37. Kh3 Nd3 38. Qg5+ Kf8 39. Qd8+ Kg7 40. Qg5+ Kf8 41. Qd8+ Kg7 42. h6+ Kxh6 43. Qf6+ Kh5 44. Qxf7+ Kh6 45. Qf6+ Kh5 46. Qh4+ Kg6 47. Qg4+ Qxg4+ 48. Kxg4 Nxf2+ 49. Kh4 Nd1 50. b3 a6 51. Nb8 a5 52. a4 1-0

[Event "DPMM 2023-24"]
[Site "Germany"]
[Date "2024.01.27"]
[Round "10.1"]
[White "Bertholee, Rob"]
[Black "Engel, Bruno"]
[Result "1/2-1/2"]
[ECO "E94"]
[WhiteElo "2309"]
[BlackElo "2007"]
[PlyCount "83"]
[EventDate "2024.03.14"]
[EventType "team-tourn"]
[EventCountry "GER"]
[TimeControl "40/6000:20/3000:0"]

1. c4 d6 2. Nc3 e5 3. Nf3 Nf6 4. d4 exd4 5. Nxd4 g6 6. e4 Bg7 7. Be2 O-O 8. O-O Re8 9. f3 Nc6 10. Be3 Nd7 11. Qd2 Nc5 12. Rfd1 Ne6 13. Nc2 a5 14. Bf1 b6 15. Rac1 Bb7 16. b3 Qc8 17. Nd5 Ne5 18. Qf2 Nc5 19. Qh4 Bxd5 20. cxd5 f5 21. exf5 Qxf5 22. Nd4 Qf7 23. Bb5 Nxf3+ 24. Nxf3 Rxe3 25. Ng5 Bf6 26. Rf1 Bxg5 27. Qxg5 Qe7 28. Qh6 Re5 29. Rc3 Re1 30. Qd2 Rxf1+ 31. Bxf1 Rf8 32. Re3 Qf6 33. Bc4 Qf4 34. h3 Ne4 35. Qe1 Ng5 36. Re7 Rf7 37. Re8+ Rf8 38. Re7 Rf7 39. Re8+ Rf8 40. Re7 Rf7 41. Re8+ Rf8 42. Re7 1/2-1/2

[Event "DPMM 2023-24"]
[Site "Germany"]
[Date "2024.01.27"]
[Round "10.1"]
[White "Kuberczyk, Christoph"]
[Black "Brunke, Pascal"]
[Result "1/2-1/2"]
[ECO "E09"]
[WhiteElo "2290"]
[BlackElo "2267"]
[PlyCount "74"]
[EventDate "2024.03.14"]
[EventType "team-tourn"]
[EventCountry "GER"]
[TimeControl "40/6000:20/3000:0"]

1. d4 d5 2. c4 e6 3. Nf3 Nf6 4. g3 Be7 5. Bg2 O-O 6. O-O c6 7. Qc2 b6 8. Rd1 Nbd7 9. Nbd2 Bb7 10. e4 dxc4 11. Nxc4 c5 12. Ng5 h6 13. e5 Bxg2 14. exf6 Nxf6 15. Kxg2 hxg5 16. dxc5 Qc7 17. cxb6 axb6 18. Qe2 Rfc8 19. b3 Nd5 20. Bb2 Qb7 21. Kg1 b5 22. Ne5 Bf6 23. Qe4 b4 24. Rd4 Qb5 25. Rc4 Nc3 26. Bxc3 bxc3 27. Ng4 Qd5 28. Rxc8+ Rxc8 29. Nxf6+ gxf6 30. Qxd5 exd5 31. Kf1 Re8 32. Rd1 Ra8 33. a4 Rb8 34. Rxd5 Rxb3 35. Rc5 Ra3 36. a5 c2 37. Rxc2 Rxa5 1/2-1/2

[Event "DPMM 2023-24"]
[Site "Germany"]
[Date "2024.01.27"]
[Round "10.1"]
[White "Malek, Daniel"]
[Black "Ermitsch, Michael"]
[Result "1-0"]
[ECO "A28"]
[WhiteElo "2278"]
[BlackElo "2058"]
[PlyCount "64"]
[EventDate "2024.03.14"]
[EventType "team-tourn"]
[EventCountry "GER"]
[TimeControl "40/6000:20/3000:0"]

1. c4 e5 2. Nc3 Nf6 3. Nf3 Nc6 4. e3 Bb4 5. Qc2 O-O 6. Nd5 Nxd5 7. cxd5 Ne7 8. Qe4 Bd6 9. Nxe5 c6 10. dxc6 dxc6 11. Nf3 Bf5 12. Qh4 Qd7 13. Be2 c5 14. b3 b5 15. Bb2 Ng6 16. Qh5 Bg4 17. Qd5 Rad8 18. Qd3 a6 19. Qc3 f6 20. Qc2 Rfe8 21. O-O Nf4 22. Bd1 Nd3 23. Rb1 Nb4 24. Qc3 Nxa2 25. Qa5 Nb4 26. d4 Bf5 27. Ra1 Nd3 28. Bc3 b4 29. Bd2 Be4 30. Qxa6 Qf5 31. Be2 Re6 32. Qb5 Nb2 1-0

[Event "DPMM 2023-24"]
[Site "Germany"]
[Date "2024.01.27"]
[Round "10.1"]
[White "Tscheuschner, Georg"]
[Black "Grossmann, Piet"]
[Result "1/2-1/2"]
[ECO "A13"]
[WhiteElo "2250"]
[BlackElo "1932"]
[PlyCount "51"]
[EventDate "2024.03.14"]
[EventType "team-tourn"]
[EventCountry "GER"]
[TimeControl "40/6000:20/3000:0"]

1. c4 e6 2. Nf3 Nf6 3. Nc3 d5 4. e3 Be7 5. b3 O-O 6. Bb2 c5 7. cxd5 Nxd5 8. Qc2 Nb4 9. Qb1 b6 10. a3 N4c6 11. h4 h6 12. g4 Ba6 13. Bxa6 Nxa6 14. g5 h5 15. Ne4 Qd5 16. Nf6+ Bxf6 17. gxf6 g6 18. Rg1 Qf5 19. Qd1 Rfd8 20. Rg5 Qe4 21. Rc1 Na5 22. Rc3 c4 23. Re5 Qg4 24. Rg5 Qe4 25. Re5 Qg4 26. Rg5 1/2-1/2

[Event "DPMM 2023-24"]
[Site "Germany"]
[Date "2024.01.27"]
[Round "10.1"]
[White "Tonndorf, Matthias"]
[Black "Eichstaedt, Mirko"]
[Result "1/2-1/2"]
[ECO "A13"]
[WhiteElo "2159"]
[BlackElo "2229"]
[PlyCount "126"]
[EventDate "2024.03.14"]
[EventType "team-tourn"]
[EventCountry "GER"]
[TimeControl "40/6000:20/3000:0"]

1. b3 Nf6 2. Bb2 e6 3. e3 b6 4. Nf3 Bb7 5. Be2 c5 6. O-O Be7 7. c4 O-O 8. Nc3 d5 9. cxd5 Nxd5 10. d4 Nxc3 11. Bxc3 Nc6 12. dxc5 Bxc5 13. Qc2 Qe7 14. Rad1 Rfd8 15. Bd3 h6 16. Qb2 Qf8 17. Bb1 Rxd1 18. Rxd1 Rd8 19. Rxd8 Qxd8 20. Qc2 f5 21. h3 Nb4 22. Qe2 Nd5 23. Bb2 Nf6 24. Qd2 Qxd2 25. Nxd2 Bb4 26. Nc4 Ne4 27. a3 Be7 28. Be5 b5 29. Na5 Bd5 30. b4 Nd2 31. Bd3 a6 32. Bc3 Nb3 33. Nxb3 Bxb3 34. e4 g6 35. f4 Bh4 36. Kh2 Bf2 37. g4 Bc4 38. Bxc4 bxc4 39. Kg2 Bb6 40. Kf3 Kf7 41. a4 h5 42. gxh5 gxh5 43. Bd2 Ke7 44. Be3 Bd8 45. Bc5+ Kd7 46. Ke3 Bf6 47. e5 Bh4 48. b5 axb5 49. axb5 Kc7 50. Kd2 Kb7 51. Be3 Bd8 52. Kc3 Be7 53. Kxc4 Bd8 54. Kb4 Be7+ 55. Bc5 Bh4 56. Bf8 Kb6 57. Bh6 Bf2 58. Bg5 Bc5+ 59. Kc4 Be3 60. Bd8+ Kb7 61. Bg5 Kb6 62. Bh6 Bc1 63. Bg5 Be3 1/2-1/2

[Event "DPMM 2023-24"]
[Site "Germany"]
[Date "2024.01.27"]
[Round "10.1"]
[White "Lang, Matthias"]
[Black "Parsch, Christian"]
[Result "1/2-1/2"]
[ECO "D03"]
[WhiteElo "2144"]
[BlackElo "1984"]
[PlyCount "118"]
[EventDate "2024.03.14"]
[EventType "team-tourn"]
[EventCountry "GER"]
[TimeControl "40/6000:20/3000:0"]

1. d4 d5 2. Nf3 Nf6 3. Bg5 e6 4. e3 Be7 5. Bd3 O-O 6. O-O Nbd7 7. Nbd2 b6 8. c3 Bb7 9. Qb1 h6 10. Bh4 c5 11. Ne5 Nxe5 12. dxe5 Nd7 13. Bxe7 Qxe7 14. f4 f6 15. exf6 Rxf6 16. e4 Raf8 17. exd5 exd5 18. Re1 Qd6 19. g3 Re6 20. Rxe6 Qxe6 21. Qe1 Re8 22. Qxe6+ Rxe6 23. Kf2 Kf7 24. Bf5 Rd6 25. Nf3 Kf6 26. Bg4 Nf8 27. Re1 Ne6 28. Ne5 g5 29. Bxe6 Rxe6 30. Ng4+ Kf7 31. Rxe6 Kxe6 32. Nxh6 gxf4 33. gxf4 d4 34. cxd4 cxd4 35. Ke2 Ba6+ 36. Kf3 Bb7+ 37. Ke2 Ba6+ 38. Kd2 Kf6 39. a4 Bc4 40. Ng4+ Kf5 41. Ne5 Bb3 42. a5 Kxf4 43. axb6 axb6 44. Nd7 b5 45. Kd3 Kg4 46. Ne5+ Kh3 47. Nf3 Bd5 48. Nxd4 Bc4+ 49. Kc3 Kxh2 50. Kb4 Kg3 51. Nxb5 Bf1 52. Kc5 Kf4 53. Nd6 Ke5 54. Nc4+ Ke6 55. b4 Kd7 56. b5 Bxc4 57. Kxc4 Kc7 58. Kc5 Kb7 59. b6 Kb8 1/2-1/2

[Event "DPMM 2023-24"]
[Site "Germany"]
[Date "2024.01.27"]
[Round "10.1"]
[White "Vogel, Christian"]
[Black "Stricker, Florian"]
[Result "1/2-1/2"]
[ECO "D02"]
[WhiteElo "2114"]
[BlackElo "2214"]
[PlyCount "120"]
[EventDate "2024.03.14"]
[EventType "team-tourn"]
[EventCountry "GER"]
[TimeControl "40/6000:20/3000:0"]

1. Nf3 d5 2. g3 Nf6 3. Bg2 e6 4. O-O Bd6 5. d4 O-O 6. c4 h6 7. Nbd2 b6 8. Qc2 Nbd7 9. e4 dxe4 10. Nxe4 Nxe4 11. Qxe4 Rb8 12. Ne5 Bxe5 13. dxe5 Bb7 14. Qe2 Bxg2 15. Kxg2 Qc8 16. f4 Nc5 17. Be3 Qb7+ 18. Qf3 Qxf3+ 19. Kxf3 Nd3 20. Rab1 Rfd8 21. Rfd1 Nb4 22. a3 Nc6 23. b4 Kf8 24. Ke4 Ke8 25. g4 h5 26. h3 Rxd1 27. Rxd1 hxg4 28. hxg4 Rd8 29. Rh1 Kf8 30. Rh8+ Ke7 31. Rxd8 Kxd8 32. Bd2 g6 33. b5 Nb8 34. a4 a6 35. Bb4 axb5 36. axb5 Kd7 37. c5 bxc5 38. Bxc5 Kc8 39. Kd4 c6 40. Kc4 cxb5+ 41. Kxb5 Kd7 42. Kc4 Kc6 43. Ba7 Na6 44. Kd4 Nc7 45. Ke4 Nb5 46. Be3 Nc3+ 47. Kd4 Nd5 48. Bd2 Ne7 49. Bb4 Nd5 50. Bd2 Kb5 51. f5 Ne7 52. fxe6 fxe6 53. Bg5 Nd5 54. Bd2 Nb4 55. Ke4 Nd5 56. Kd4 Kc6 57. Kc4 Nb6+ 58. Kd4 Nd7 59. Bg5 Nb6 60. Bd2 Nd5 1/2-1/2

[Event "DPMM 2023-24"]
[Site "Germany"]
[Date "2024.01.27"]
[Round "10.1"]
[White "Oelmann, Henry"]
[Black "Henning, Marvin"]
[Result "0-1"]
[ECO "E90"]
[WhiteElo "1970"]
[BlackElo "2099"]
[PlyCount "74"]
[EventDate "2024.03.14"]
[EventType "team-tourn"]
[EventCountry "GER"]
[TimeControl "40/6000:20/3000:0"]

1. Nf3 g6 2. c4 Bg7 3. d4 d6 4. Nc3 Nf6 5. h3 O-O 6. e4 c6 7. Bg5 Qb6 8. Qd2 e5 9. c5 dxc5 10. dxe5 Nfd7 11. Bh6 Re8 12. Bxg7 Kxg7 13. Bc4 Qb4 14. Bb3 Nxe5 15. Nxe5 Rxe5 16. O-O-O Nd7 17. g4 Nf6 18. Qd6 Re8 19. g5 Nh5 20. f4 Be6 21. Bxe6 Rxe6 22. Qc7 Qb6 23. Qd7 Ree8 24. f5 Rad8 25. f6+ Kg8 26. Qg4 h6 27. Rhg1 c4 28. Qe2 Nf4 29. Qxc4 Nd3+ 30. Rxd3 Qxg1+ 31. Kc2 Qxg5 32. Rf3 Rd2+ 33. Kb3 Qg2 34. Rf4 Rxb2+ 35. Ka3 Rb6 36. Ne2 Qg5 37. Qc3 Qb5 0-1